 Dungeon Crawl Stone Soup version 0.22-a0-482-g76e0a5f (webtiles) character file.

3002 Kingkept the Covered (level 9, -18/56 HPs)
             Began as a Tengu Fighter on June 17, 2018.
             Was a Believer of Okawaru.
             Demolished by an orc warrior
             ... wielding a +0 flail
              (21 damage)
             ... on level 7 of the Dungeon.
             The game lasted 00:21:06 (8024 turns).

Kingkept the Covered (Tengu Fighter)                Turns: 8024, Time: 00:21:06

Health: -18/56     AC:  7    Str: 20    XL:     9   Next: 84%
Magic:  11/12      EV: 11    Int: 14    God:    Okawaru [**....]
Gold:   547        SH: 10    Dex: 13    Spells: 8/8 levels left

rFire    . . .     SeeInvis .   a - +0 war axe
rCold    . . .     Gourm    .   c - +0 shield
rNeg     . . .     Faith    .   b - +0 scale mail
rPois    .         Spirit   .   (helmet restricted)
rElec    .         Reflect  .   (no cloak)
rCorr    +         Harm     .   (no gloves)
MR       .....                  (boots unavailable)
Stlth    ..........             (no amulet)
HPRegen  0.18/turn              l - +5 ring of intelligence
MPRegen  0.13/turn              k - ring of resist corrosion

@: no status effects
A: beak, talons 3, able to fly 1
a: Fly, Heroism, Renounce Religion


You were on level 7 of the Dungeon.
You worshipped Okawaru.
Okawaru was pleased with you.
You were very hungry.

You visited 2 branches of the dungeon, and saw 9 of its levels.

You collected 547 gold pieces.

Inventory:

Hand Weapons
 a - a +0 war axe (weapon)
Armour
 b - a +0 scale mail (worn)
 c - a +0 shield (worn)
Jewellery
 k - a ring of resist corrosion (right hand)
 l - a +5 ring of intelligence (left hand)
 v - a cursed -2 ring of intelligence
 F - a +5 ring of dexterity {unknown}
Wands
 n - a wand of flame (19)
 w - a wand of polymorph (12)
 y - a wand of iceblast (6)
Scrolls
 d - a scroll of random uselessness {unknown}
 h - 2 scrolls of magic mapping
 i - 5 scrolls of remove curse
 j - 7 scrolls of teleportation
 m - 2 scrolls of immolation {unknown}
 q - 2 scrolls of amnesia {unknown}
 r - 2 scrolls of fear {unknown}
 s - a scroll of fog {unknown}
 u - a scroll of noise {unknown}
 x - 2 scrolls of identify
 C - a scroll of enchant weapon {unknown}
Potions
 e - 3 potions of brilliance
 g - 4 potions of curing
 o - 2 potions of cancellation
 p - 2 potions of resistance {unknown}
 t - a potion of agility {unknown}
 z - a potion of degeneration {unknown}
 A - a potion of magic {unknown}
 D - a potion of haste
 E - a potion of ambrosia {unknown}
Comestibles
 f - 16 rations


   Skills:
 + Level 6.4 Fighting
 + Level 6.3 Axes
 + Level 7.0 Armour
 + Level 5.9 Dodging
 + Level 6.4 Shields
 + Level 3.9 Invocations


You had 8 spell levels left.
You didn't know any spells.
Your spell library was empty.

Dungeon Overview and Level Annotations

Branches:
Dungeon (8/15)             Temple (1/1) D:4
   Lair: D:8-11

Altars:
Ashenzari
Dithmenos
Gozag
Kikubaaqudgha
Makhleb
Okawaru
Ru
Sif Muna
Wu Jian
Yredelemnul

Shops:
D:7 *


Innate Abilities, Weirdness & Mutations

You have a beak for a mouth.
You have claws for feet.
You can fly.


Message History

You completely miss the orc warrior. You claw the orc warrior.
The orc warrior is heavily wounded.
You block the orc warrior's attack.
You hit the orc warrior.
You peck the orc warrior, but do no damage.
The orc warrior is severely wounded.
The orc warrior hits you but does no damage.
You closely miss the orc warrior. Your kick misses the orc warrior.
You peck the orc warrior, but do no damage.
The orc warrior is severely wounded.
The orc warrior hits you with a flail!
* * * LOW HITPOINT WARNING * * *
You closely miss the orc warrior. You claw the orc warrior.
Your peck misses the orc warrior.
The orc warrior is severely wounded.
You hit the orc warrior. Your kick misses the orc warrior.
The orc warrior is severely wounded.
You feel like a meek peon again. The orc warrior hits you with a flail!!
You die...

#.######.##....###.## #####
#........##.#.## ##.# #...#####
#.########....# #.# ###.#......
..########..#.## ##.# #..∩..#####
##..........#..###<## #.#.###
..................## #.#.#######
##.########.#.##.## #..........
##.# #.#.##)# ###.#####.. ##.#
#.#.##@# #.# #.# ##.# #...##o##
#.#####.# ##.# #.####..#
#####........ ##.# #.# ##.#
#............ ##.# ##.## #.#
#.###.#####.# ##.#
##...####.###.###.......# ##.#
##.......................#
...#####........#.####...........
#......(..........## #.##........


You could see an orc warrior.

Vanquished Creatures
  2 hippogriffs (D:7)
  A hungry ghost (D:7)
  Eustachio (D:5)
  A water moccasin (D:7)
  Duvessa (D:5)
  2 orc warriors
  An ice beast (D:5)
  2 ogres
  3 phantoms
  A necrophage (D:5)
  Dowan (D:5)
  4 scorpions
  4 howler monkeys (D:7)
  2 hounds
  2 jellies (D:6)
  3 orc wizards
  2 orc priests (D:5)
  3 bullfrog skeletons
  2 iguanas
  8 worker ants
  A killer bee zombie (D:5)
  A hound skeleton (D:5)
  A mummy (D:5)
  3 worker ant zombies
  6 adders
  11 gnolls
  2 shadow imps
  2 oozes
  4 adder skeletons
  An adder zombie (D:6)
  3 dart slugs
  A worm (D:2)
  A leopard gecko (D:1)
  16 orcs
  6 giant cockroaches
  6 goblins
  8 hobgoblins
  2 ball pythons
  8 bats
  9 frilled lizards
  A hobgoblin zombie (D:5)
  A jackal zombie (D:8)
  7 kobolds
  A kobold zombie (D:5)
  2 leopard gecko zombies (D:5)
  2 orc zombies (D:5)
  A quokka skeleton (D:6)
  4 rats
157 creatures vanquished.

Notes
Turn   | Place    | Note
-------+----------+-------------------------------------------
     0 | D:1      | Kingkept the Tengu Fighter began the quest for the Orb.
     0 | D:1      | Reached XP level 1. HP: 14/14 MP: 2/2
    76 | D:1      | Reached XP level 2. HP: 19/19 MP: 3/3
   556 | D:1      | Reached XP level 3. HP: 18/23 MP: 4/4
  1067 | D:2      | Found an ornate altar of the Wu Jian Council.
  1103 | D:2      | Found a sacrificial altar of Ru.
  1134 | D:2      | Reached skill level 1 in Dodging
  1605 | D:2      | Reached XP level 4. HP: 28/28 MP: 5/5
  1749 | D:3      | Reached skill level 4 in Armour
  1749 | D:3      | Gained mutation: You can fly. [Tengu growth]
  1749 | D:3      | Reached XP level 5. HP: 12/33 MP: 6/6
  2267 | D:3      | Reached XP level 6. HP: 29/38 MP: 7/7
  2459 | D:4      | Noticed a phantom
  2492 | D:4      | Killed a phantom
  3001 | D:4      | Reached XP level 7. HP: 23/44 MP: 8/8
  3098 | D:4      | Found a shadowy altar of Dithmenos.
  3107 | D:4      | Found a basalt altar of Yredelemnul.
  3130 | D:4      | Found a staircase to the Ecumenical Temple.
  3147 | Temple   | Entered the Ecumenical Temple
  3156 | Temple   | Became a worshipper of Warmaster Okawaru
  3469 | D:5      | Entered Level 5 of the Dungeon
  3470 | D:5      | Noticed Duvessa
  3470 | D:5      | Noticed Dowan
  3524 | D:5      | Reached skill level 5 in Armour
  4253 | D:4      | Reached skill level 1 in Invocations
  4639 | D:5      | Reached XP level 8. HP: 36/48 MP: 10/10
  4738 | D:5      | Killed Duvessa
  4738 | D:5      | Reached skill level 5 in Fighting
  4738 | D:5      | Reached skill level 5 in Shields
  4929 | D:5      | Killed Dowan
  4929 | D:5      | Reached * piety under Okawaru
  4988 | D:5      | Noticed Eustachio
  5002 | D:5      | Killed Eustachio
  5232 | D:5      | Reached skill level 5 in Axes
  5647 | D:6      | Found a shattered altar of Ashenzari.
  5705 | D:6      | Reached skill level 6 in Armour
  6139 | D:6      | Reached XP level 9. HP: 51/54 MP: 12/12
  6196 | D:6      | Reached skill level 5 in Dodging
  6835 | D:7      | Reached ** piety under Okawaru
  7526 | D:7      | Reached skill level 7 in Armour
  7556 | D:7      | Found Naujuik's Assorted Antiques.
  8024 | D:7      | Demolished by an orc warrior

Vault maps used:
D:1:      ebering_trefoil_twist, minivault_24, minmay_statues_item,
          minmay_misc_feat_enclosed, minmay_misc_feat_four_crosses,
          serial_bayou_pond_c
D:2:      lemuel_doored_altar, lemuel_round_altar, first_ration
D:3:      minmay_wonky_spiral
D:4:      grunt_temple_overflow_open, temple_fountains
D:5:      minmay_mini_ossuary, uniq_eustachio, uniq_duvessa
D:6:      minmay_misc_feat_x, nicolae_ashenzari_panopticon
D:7:      serial_shops, nicolae_shop_crystal
D:8:      hangedman_ranch, bh_walls_and_bars
Temple:   hc_temple_tempest_star

Skill      XL: |  1  2  3  4  5  6  7  8  9 |
---------------+----------------------------+-----
Dodging        | 1 2 3 4 5 |  5.9
Axes           | 3 4 5 6 |  6.3
Armour         | 4 5 6 7 |  7.0
Fighting       | 4 5 6 |  6.4
Shields        | 4 5 6 |  6.4
Invocations    | 1 2 3 |  3.9

Action                   |  1- 3 |  4- 6 |  7- 9 || total
-------------------------+-------+-------+-------++-------
Melee: War axe           |    87 |    88 |   311 ||   486
       Kick              |    14 |    25 |   104 ||   143
       Peck              |    14 |    13 |    62 ||    89
Invok: Heroism           |       |       |     4 ||     4
  Use: Scroll            |       |     3 |     4 ||     7
       Potion            |       |     2 |     1 ||     3
  Eat: Chunk             |     2 |     4 |    13 ||    19
       Ration            |       |       |     1 ||     1
Armor: Scale mail        |    41 |    30 |    89 ||   160
Dodge: Dodged            |    15 |    25 |   144 ||   184
Block: Shield            |    36 |    53 |   161 ||   250

Table legend:
 A = Spawn XP
 B = Non-spawn XP
 C = Spawn XP percentage of total XP
 D = Spawn monster count
 E = Non-spawn monster count
 F = Spawn count percentage of total count
 G = Total turns spent on level
                    A         B        C        D         E        F      G
               +---------+---------+-------+---------+---------+-------+---------
         Total |       0 |    4289 |   0.0 |       0 |     157 |   0.0 |  8024
               +---------+---------+-------+---------+---------+-------+---------
           D:1 |       0 |      45 |   0.0 |       0 |      22 |   0.0 |   955
           D:2 |       0 |      37 |   0.0 |       0 |      15 |   0.0 |   721
           D:3 |       0 |     272 |   0.0 |       0 |      35 |   0.0 |   783
           D:4 |       0 |     478 |   0.0 |       0 |      11 |   0.0 |  2094
           D:5 |       0 |     980 |   0.0 |       0 |      22 |   0.0 |   875
           D:6 |       0 |     774 |   0.0 |       0 |      19 |   0.0 |  1314
           D:7 |       0 |    1635 |   0.0 |       0 |      30 |   0.0 |  1173
           D:8 |       0 |      68 |   0.0 |       0 |       3 |   0.0 |    90
               +---------+---------+-------+---------+---------+-------+---------
